75sharman FURRY! 4kills

Match 30591759
End
Engineer Squad
Construct Barracks
Riflemen Squad
Selects Airborne Battlegroup
Selects Pathfinders
Riflemen Squad
Riflemen Squad
Mechanized Support Center
Construct Medical Station
Selects Paratrooper Squad Paradrop
Grenade Package
Riflemen Squad
Riflemen Squad
Construct Tank Depot
Selects Anti-tank Gun Team Paradrop
Anti-tank Gun Team Paradrop
M4A1 Sherman Medium Tank
Riflemen Squad
Selects Recon Loiter
Selects Supply Drop
Riflemen Squad
Rearm and Retrofit
Riflemen Squad
Engineer Squad
M4A1 Sherman Medium Tank
Selects Dual P-47 Rocket Strike
Riflemen Squad
AshCo Dismas
Xaminichou
0
0

Comments sign in to comment!

No comments posted yet!